 Dungeon Crawl Stone Soup version 0.22.0-40-g68aacdc (webtiles) character file.

553347 shmeve the Hoplite (level 25, -4/237 (240) HPs)
             Began as a Minotaur Berserker on Aug 29, 2018.
             Was the Champion of Trog.
             Killed from afar by a shadow dragon (8 damage)
             ... with a bolt of negative energy
             ... on level 4 of the Realm of Zot on Aug 31, 2018.
             The game lasted 03:03:15 (53271 turns).

shmeve the Hoplite (Minotaur Berserker)            Turns: 53271, Time: 03:03:15

HP:   -4/237 (240)  AC: 34    Str: 37    XL:     25   Next: 12%
MP:   1/22          EV: 18    Int:  6    God:    Trog [******]
Gold: 2965          SH:  0    Dex: 15    Spells: 24/24 levels left

rFire    . . .     SeeInvis .   N - +9 hand axe (vamp)
rCold    . . .     Gourm    .   y - +8 large shield
rNeg     + . .     Faith    +   M - +8 plate armour of Evolution {rPois Str+3 Dex+2}
rPois    +         Spirit   .   H - +0 hat {Int+3}
rElec    .         Reflect  .   o - +2 ratskin cloak {+Rats rPois rN+ Str-1 Int-1 Dex+1}
rCorr    .         Harm     .   i - +2 pair of gloves {Str+3}
MR       +....                  O - +0 pair of boots
Stlth    ..........             a - amulet of faith
HPRegen  0.89/turn              W - ring "Itugoost" {rPois Slay+3}
MPRegen  0.18/turn              m - +3 ring of slaying

@: confused, drained
A: retaliatory headbutt, horns 2, deterioration 1, regeneration 1
}: 3/15 runes: barnacled, silver, gossamer
a: Berserk, Trog's Hand, Brothers in Arms, Renounce Religion, Evoke Ratskin


You were on level 4 of the Realm of Zot.
You worshipped Trog.
Trog was exalted by your worship.
You were hungry.

You visited 8 branches of the dungeon, and saw 45 of its levels.
You visited the Abyss 3 times.
You also visited: Sewer.

You collected 6411 gold pieces.
You spent 3446 gold pieces at shops.

Inventory:

Hand Weapons
 u - the +8 mithril axe "Arga" {speed, MR+}
   (Trog gifted it to you on level 4 of the Vaults)

   Attacks with this weapon are significantly faster.
   It affects your resistance to hostile enchantments.
 A - a +0 hand axe
 N - a +9 vampiric hand axe (weapon)
Missiles
 B - 46 javelins (quivered)
 L - 39 javelins of penetration
 P - 10 throwing nets
Armour
 i - a +2 pair of gloves of strength (worn)
 o - the +2 ratskin cloak (worn) {+Rats rPois rN+ Str-1 Int-1 Dex+1}
   (You bought it in a shop on level 2 of the Orcish Mines)

   It affects your strength (-1).
   It affects your intelligence (-1).
   It affects your dexterity (+1).
   It protects you from poison.
   It protects you from negative energy.
 y - a +8 large shield (worn)
 H - a +0 hat of intelligence (worn)
 M - the +8 plate armour of Evolution (worn) {rPois Str+3 Dex+2}
   (You bought it in a shop on level 2 of the Orcish Mines)

   It affects your strength (+3).
   It affects your dexterity (+2).
   It protects you from poison.
 O - a +0 pair of boots (worn)
Jewellery
 a - an amulet of faith (around neck)
 m - a +3 ring of slaying (right hand)
 s - a +4 ring of protection
 t - an uncursed ring of positive energy
 v - a +3 ring of intelligence
 w - an uncursed ring of protection from cold
 D - an uncursed ring of ice
 I - a +3 amulet of reflection {unknown}
 W - the ring "Itugoost" (left hand) {rPois Slay+3}
   (You bought it in a shop on level 4 of the Shoals)

   [ring of poison resistance]

   It affects your accuracy and damage with ranged weapons and melee attacks
   (+3).
   It protects you from poison.
Wands
 T - a wand of digging (29)
 U - a wand of disintegration (33)
Scrolls
 b - a scroll of summoning
 d - 21 scrolls of remove curse
 j - 14 scrolls of magic mapping
 k - 2 scrolls of enchant weapon
 n - 6 scrolls of blinking
 p - 16 scrolls of fog
 q - 19 scrolls of teleportation
 r - 6 scrolls of identify
 G - a scroll of enchant armour
Potions
 e - 9 potions of agility
 f - a potion of magic
 g - 18 potions of curing
 h - 4 potions of cancellation
 l - 5 potions of brilliance
 x - a potion of haste
 z - 5 potions of might
 C - 4 potions of flight
 E - 5 potions of invisibility
 F - 4 potions of resistance
 K - 7 potions of ambrosia
 Y - a potion of heal wounds
Comestibles
 c - 59 rations


   Skills:
 * Level 22.9(22.4) Fighting
 * Level 22.9(22.4) Axes
 * Level 19.7(19.3) Throwing
 + Level 17.2(16.8) Armour
 + Level 15.9(15.5) Dodging
 * Level 23.8(23.2) Shields


You had 24 spell levels left.
You didn't know any spells.
Your spell library was empty.

Dungeon Overview and Level Annotations

Branches:
Dungeon (15/15)            Temple (0/1) D:6            Lair (6/6) D:11
 Shoals (4/4) Lair:4       Spider (4/4) Lair:2        Slime (0/5) Lair:6
    Orc (2/2) D:10            Elf (0/3) Orc:2        Vaults (5/5) D:14
  Crypt (0/3) Vaults:2     Depths (5/5) D:15            Zot (4/5) Depths:5

Altars:
Dithmenos
Elyvilon
Kikubaaqudgha
Makhleb
Okawaru
Vehumet
Beogh
Jiyva

Shops:
Orc:1 *   Orc:2 [?*[   Shoals:1 (=   Shoals:4 =   Vaults:1 %[   Vaults:2 !
Vaults:4 (   Depths:3 [%=

Portals:
Hell: Lair:6 Depths:2 Depths:3 Depths:4 Depths:5
Abyss: Depths:1 Depths:3 Depths:4
Pandemonium: Depths:3 Depths:5
Ziggurat: Depths:1
Trove: Vaults:3 (give 2 scrolls of acquirement)

Annotations:
Depths:5 4 runed doors


Innate Abilities, Weirdness & Mutations

You reflexively headbutt those who attack you in melee.
You have a pair of horns on your head.
Your body sometimes deteriorates upon taking damage.
Your natural rate of healing is unusually fast.


Message History

* * * LOW HITPOINT WARNING * * *
You slice the shadow dragon!! Your headbutt misses the shadow dragon.
The shadow dragon is almost dead.
You slash the curse toe!
You destroy the curse toe!
Trog accepts your kill.
The deathcap disappears in a puff of smoke!
The wandering mushroom disappears in a puff of smoke!
The deathcap disappears in a puff of smoke!
The wandering mushroom disappears in a puff of smoke!
You feel your dexterity returning.
The shadow dragon bites you but does no damage.
The shadow dragon completely misses you.
The shadow dragon claws you.
* * * LOW HITPOINT WARNING * * *
The shadow dragon barely misses you. x2
The shadow dragon claws you but does no damage.
The shadow dragon breathes negative energy at you.
The bolt of negative energy hits you! You partially resist.
You feel drained.
You die...

#. #.. ./#
.#.. #.####
..... #....#
.....##....
..........
.........##
.......D..###
.........@..#
..........<.#
......#..ยง..#
.#..........#
##...(.....#
...........#
...........##
#..........#
#?......#


You could see a shadow dragon.

Vanquished Creatures
  An ancient lich (Vaults:5)
  An orb of fire (Zot:2)
  2 juggernauts
  Mara (Vaults:4)
  The ghost of Xal Gage the Crack Shot, a veteran CeHu of Okawaru (Zot:3)
  A caustic shrike (Depths:1)
  A curse toe (Zot:4)
  Jory (Vaults:5)
  8 golden dragons
  The ghost of Ifoumn the Stormcaller, an adept DrAE of Sif Muna (Vaults:4)
  Nikola (Vaults:1)
  Arachne (Spider:2)
  2 electric golems (Zot:1)
  A lich (Depths:3)
  17 tentacled monstrosities
  3 quicksilver dragons
  6 death cobs
  Gastronok (D:9)
  9 titans
  4 sphinxes
  Kirke (D:13)
  The ghost of Morgon the Brawler, an adept TrAM of Okawaru (Spider:4)
  A kraken (Shoals:3)
  A tentacled starspawn (Abyss:2)
  16 storm dragons
  5 shadow dragons
  7 draconian monks
  10 tengu reavers
  13 fire giants
  An iron dragon (Depths:3)
  3 deep elf sorcerers
  6 draconian scorchers
  4 ghost moths
  7 frost giants
  5 emperor scorpions (Spider:4)
  2 orc warlords
  The ghost of WaifuGate the Warrior, a journeyman CeAM of Okawaru (Lair:6)
  10 vault wardens
  A balrug (Depths:5)
  4 draconian shifters
  18 ironheart preservers
  20 stone giants
  3 draconian stormcallers
  A war gargoyle (Vaults:5)
  16 very ugly things
  3 deep elf demonologists
  4 vampire knights
  7 black draconians
  2 deep elf annihilators (Vaults:5)
  6 green draconians
  3 spark wasps
  11 yellow draconians
  5 purple draconians
  A dire elephant (Lair:6)
  10 red draconians
  24 ettins
  14 white draconians
  8 merfolk javelineers
  2 eidola (Vaults:2)
  11 merfolk impalers
  2 deep elf death magi (Vaults:2)
  A jiangshi (Vaults:2)
  20 yaktaur captains
  2 deep elf high priests
  7 fire dragons
  8 great orbs of eyes
  Erolcha (D:9)
  The ghost of Iwowyal the Severer, a journeyman DDFi of Makhleb (Lair:1)
  9 small abominations
  Harold (D:7)
  8 ice dragons
  7 hydras
  A hell beast (Depths:3)
  A rakshasa (Depths:1)
  35 vault guards
  2 spriggan air magi
  2 merfolk avatars
  6 merfolk aquamancers
  A satyr (Shoals:2)
  The ghost of richr the Slinger, a journeyman HaHu of Okawaru (Lair:1)
  A death knight (Vaults:3)
  An alligator (Lair:6)
  11 centaur warriors
  2 tengu warriors
  2 vampire magi (Depths:2)
  5 spriggan berserkers
  15 ogre magi
  4 deep troll earth magi
  45 two-headed ogres
  8 deep troll shamans
  5 large abominations (Vaults:5)
  4 orc high priests
  2 deep elf knights (Vaults:4)
  Nergalle (D:10)
  2 sun demons
  A shock serpent (shapeshifter) (Vaults:5)
  2 fire crabs (shapeshifter)
  A wretched star (Abyss:2)
  A spatial maelstrom (Abyss:2)
  7 iron trolls
  2 sixfirhies
  10 sea snakes
  5 skeletal warriors (Vaults:1)
  A sea snake (shapeshifter) (D:15)
  19 deep trolls
  An unseen horror (D:12)
  A deep troll (shapeshifter) (Vaults:5)
  2 glowing orange brains
  2 flayed ghosts
  5 wizards
  3 deep elf archers
  10 ironbrand convokers
  3 phantasmal warriors (Vaults:5)
  24 orc knights
  2 necromancers
  15 harpies
  5 orc sorcerers
  16 deep elf magi
  34 wolf spiders
  24 orb spiders
  6 fauns
  A salamander (Depths:2)
  18 manticores
  5 cyclopes
  15 moths of wrath
  29 ugly things
  A rust devil (Depths:3)
  14 elephants
  A guardian serpent (shapeshifter) (Depths:5)
  An eye of devastation (Abyss:2)
  5 merfolk sirens
  6 water nymphs
  3 smoke demons
  18 vault sentinels
  Psyche (D:11)
  3 orange demons
  A torpor snail (Lair:6)
  6 black mambas
  2 black mambas (shapeshifter)
  A spiny frog (shapeshifter) (Depths:2)
  A torpor snail (shapeshifter) (Vaults:4)
  A gargoyle (D:13)
  7 spiny frogs
  6 rime drakes
  2 kobold demonologists (D:15)
  45 yaktaurs
  5 komodo dragons
  2 komodo dragons (shapeshifter)
  8 demonic crawlers
  8 freezing wraiths
  An efreet (D:13)
  5 red devils
  3 ice devils (Lair:6)
  A yaktaur (shapeshifter) (D:15)
  2 hellwings (Depths:2)
  27 merfolk
  An ancient zyme (Abyss:2)
  A troll (shapeshifter) (Vaults:3)
  8 trolls
  3 tengu conjurers
  26 jumping spiders
  5 hornets
  A polar bear (Lair:4)
  13 slime creatures
  A wind drake (Shoals:4)
  4 raiju (Abyss:2)
  A blink frog (shapeshifter) (Vaults:5)
  A queen bee (Lair:3)
  16 blink frogs
  5 snapping turtles
  13 hippogriffs
  2 meliai zombies (D:15)
  A centaur simulacrum (D:14)
  A stone giant simulacrum (Vaults:3)
  23 dream sheep
  4 wraiths
  A vampire (D:13)
  19 water elementals
  2 humans (shapeshifter)
  2 shadows
  22 tarantellas
  64 redbacks
  3 spriggans (Depths:5)
  A tarantella (shapeshifter) (Vaults:5)
  Sigmund (D:2)
  A ynoxinul (Abyss:2)
  7 wyverns
  2 basilisks (shapeshifter)
  55 yaks
  A hungry ghost (D:11)
  A redback (shapeshifter) (D:13)
  6 hogs (D:13)
  8 basilisks
  3 neqoxecs
  Grum (Lair:1)
  A spatial vortex (Abyss:2)
  A yaktaur simulacrum (Vaults:3)
  9 wargs
  13 porcupines
  5 acid dragons
  4 hell hounds (Lair:6)
  20 water moccasins
  58 orc warriors
  5 ice beasts
  2 necrophages
  2 phantoms
  A sky beast (D:8)
  An eye of draining (D:11)
  5 starcursed masses (Abyss:2)
  15 wolves
  17 centaurs
  38 ogres
  16 crocodiles
  3 big kobolds
  3 elf zombies (D:4)
  16 bullfrogs
  A gnoll sergeant (D:9)
  An elf skeleton (D:4)
  A wyvern zombie (D:12)
  3 human skeletons (Vaults:1)
  9 scorpions
  A human simulacrum (Vaults:1)
  15 wights
  31 killer bees
  10 electric eels
  5 howler monkeys
  4 crimson imps
  A human zombie (D:4)
  4 bullfrog zombies
  A quasit (D:14)
  4 hounds
  9 jellies
  4 centaur skeletons
  5 centaur zombies
  29 orc wizards
  22 orc priests
  A bullfrog skeleton (D:12)
  3 iguanas
  8 worker ants
  A hound zombie (D:8)
  2 worker ant zombies
  Robin (D:2)
  13 adders
  10 gnolls
  5 river rats (Sewer)
  6 shadow imps
  An ufetubus (Abyss:2)
  11 oozes
  2 adder skeletons
  6 worms
  6 dart slugs
  9 leopard geckos
  103 orcs
  10 giant cockroaches
  17 goblins
  11 hobgoblins
  14 jackals
  2 quokkas
  15 ball pythons
  A ball python skeleton (D:4)
  16 bats
  9 frilled lizards
  20 kobolds
  A leopard gecko skeleton (D:7)
  A leopard gecko zombie (D:8)
  An orc zombie (D:4)
  2 quokka skeletons
  31 rats
  A crawling corpse (Vaults:2)
  4 fungi
  3 plants
  3 tentacles (Shoals:3)
2087 creatures vanquished.

Vanquished Creatures (collateral kills)
  An orc warlord (Vaults:4)
  An orc high priest (Vaults:4)
  An orc warrior (Vaults:4)
  An orc (Vaults:4)
4 creatures vanquished.

Vanquished Creatures (others)
  A merfolk aquamancer (Shoals:1)
  A deep elf mage (Vaults:5)
  A jumping spider (Spider:4)
  A tarantella (Spider:3)
  2 yaks (D:11)
  A swamp drake (D:11)
  An orc priest (Orc:2)
  An orc wizard (D:10)
  4 orcs
  14 fungi (Lair:6)
  10 plants
  2 starspawn tentacles (Abyss:2)
  7 tentacles (Shoals:3)
  6 withered plants (Lair:1)
52 creatures vanquished.

Grand Total: 2143 creatures vanquished

Notes
Turn   | Place    | Note
-------+----------+-------------------------------------------
     0 | D:1      | shmeve the Minotaur Berserker began the quest for the Orb.
     0 | D:1      | Reached XP level 1. HP: 19/19 MP: 0/0
   184 | D:1      | Reached XP level 2. HP: 25/27 MP: 1/1
   424 | D:1      | HP: 2/40 [hobgoblin/club (8)]
   430 | D:1      | Reached skill level 1 in Throwing
   932 | D:2      | Reached XP level 3. HP: 26/33 MP: 2/2
  1146 | D:2      | Reached ** piety under Trog
  1290 | D:2      | Reached XP level 4. HP: 35/41 MP: 3/3
  1290 | D:2      | Noticed Robin
  1310 | D:2      | Killed Robin
  1675 | D:2      | Noticed Sigmund
  1684 | D:2      | Killed Sigmund
  1684 | D:2      | Reached skill level 5 in Fighting
  1684 | D:2      | Reached skill level 5 in Axes
  1684 | D:2      | Reached XP level 5. HP: 48/48 MP: 4/4
  1788 | D:2      | Reached XP level 6. HP: 56/56 MP: 5/5
  2146 | D:3      | Noticed a hippogriff
  2162 | D:3      | Killed a hippogriff
  2393 | D:3      | Reached *** piety under Trog
  2803 | D:3      | Reached XP level 7. HP: 59/62 MP: 6/6
  2895 | D:3      | Found a shadowy altar of Dithmenos.
  2985 | D:4      | Found a glowing drain.
  3003 | Sewer    | Entered a sewer
  3041 | Sewer    | Reached skill level 1 in Shields
  3309 | Sewer    | Reached **** piety under Trog
  3309 | Sewer    | Reached skill level 2 in Shields
  3413 | Sewer    | Reached skill level 3 in Shields
  3416 | Sewer    | Reached skill level 4 in Shields
  3638 | D:4      | Reached skill level 5 in Shields
  3987 | D:4      | Found an ancient bone altar of Kikubaaqudgha.
  4105 | D:4      | Reached ***** piety under Trog
  4105 | D:4      | Reached skill level 6 in Shields
  4105 | D:4      | Reached XP level 8. HP: 57/70 MP: 7/7
  4165 | D:4      | Reached skill level 7 in Shields
  4189 | D:4      | Received a gift from Trog
  4275 | D:5      | Entered Level 5 of the Dungeon
  4312 | D:5      | Reached skill level 8 in Shields
  4481 | D:5      | Reached skill level 9 in Shields
  4537 | D:5      | Found the +7 sceptre of Torment
  5025 | D:6      | Reached skill level 10 in Shields
  5466 | D:6      | Received a gift from Trog
  5466 | D:6      | Reached XP level 9. HP: 71/75 MP: 8/8
  5617 | D:6      | Found a staircase to the Ecumenical Temple.
  5746 | D:7      | Found a radiant altar of Vehumet.
  5880 | D:7      | Noticed Harold
  5887 | D:7      | Killed Harold
  6089 | D:7      | Reached skill level 5 in Armour
  6609 | D:8      | Reached skill level 5 in Throwing
  6779 | D:8      | Reached XP level 10. HP: 83/86 MP: 3/9
  6785 | D:8      | Noticed a two-headed ogre
  6795 | D:8      | Killed a two-headed ogre
  6795 | D:8      | Reached skill level 11 in Shields
  7237 | D:9      | Reached skill level 5 in Dodging
  7245 | D:9      | Received a gift from Trog
  7516 | D:9      | Got a fine scale mail
  7527 | D:9      | Identified the +2 scale mail of Voipt {Regen+ Str-4 Dex+4 Stlth+} (You found it on level 9 of the Dungeon)
  7769 | D:9      | Noticed Erolcha
  7781 | D:9      | Killed Erolcha
  7840 | D:9      | Noticed Gastronok
  7853 | D:9      | Killed Gastronok
  7853 | D:9      | Reached skill level 12 in Shields
  7853 | D:9      | Reached XP level 11. HP: 97/97 MP: 3/10
  8194 | D:10     | Entered Level 10 of the Dungeon
  8354 | D:10     | Received a gift from Trog
  8449 | D:10     | Noticed Nergalle
  8748 | D:10     | Killed Nergalle
  9211 | D:10     | Noticed a two-headed ogre
  9218 | D:10     | Killed a two-headed ogre
  9266 | D:10     | Found a staircase to the Orcish Mines.
  9291 | D:10     | Received a gift from Trog
  9608 | D:11     | Reached skill level 10 in Axes
  9629 | D:11     | Reached skill level 10 in Fighting
  9669 | D:11     | Noticed a two-headed ogre
  9683 | D:11     | Killed a two-headed ogre
  9683 | D:11     | Received a gift from Trog
  9854 | D:11     | Found a viscous altar of Jiyva.
 10140 | D:11     | Noticed Psyche
 10149 | D:11     | Killed Psyche
 10149 | D:11     | Reached XP level 12. HP: 107/107 MP: 3/11
 10162 | D:11     | Found a staircase to the Lair.
 10539 | D:12     | Reached skill level 13 in Shields
 10759 | D:12     | Received a gift from Trog
 11020 | D:12     | Noticed a two-headed ogre
 11029 | D:12     | Killed a two-headed ogre
 11171 | D:12     | Received a gift from Trog
 11289 | D:13     | Noticed a four-headed hydra
 11297 | D:13     | Killed an eight-headed hydra
 11326 | D:13     | Got a heavily runed glass ring
 11327 | D:13     | Identified the ring "Lithromu" {-Tele rPois rF++ Str+2 Dex-5} (You found it on level 13 of the Dungeon)
 11508 | D:13     | Noticed a centaur warrior
 11518 | D:13     | Killed a centaur warrior
 11838 | D:13     | Noticed Kirke
 11853 | D:13     | Killed Kirke
 11853 | D:13     | Reached XP level 13. HP: 117/117 MP: 4/12
 12733 | D:14     | Reached skill level 14 in Shields
 12735 | D:14     | Found a gate to the Vaults.
 12744 | D:14     | Received a gift from Trog
 12745 | D:14     | Reached ****** piety under Trog
 12967 | D:14     | Reached skill level 10 in Throwing
 13360 | D:15     | Entered Level 15 of the Dungeon
 13449 | D:15     | Received a gift from Trog
 13550 | D:15     | Found a white marble altar of Elyvilon.
 14094 | D:15     | Found a staircase to the Depths.
 14436 | D:15     | Received a gift from Trog
 14836 | Lair:1   | Entered Level 1 of the Lair of Beasts
 14890 | Lair:1   | Noticed Grum
 14907 | Lair:1   | Killed Grum
 14909 | Lair:1   | Reached XP level 14. HP: 92/127 MP: 4/13
 15068 | Lair:1   | Received a gift from Trog
 15192 | Lair:1   | Found a runed gate.
 15193 | Lair:1   | Found a runed gate.
 15194 | Lair:1   | Found a runed gate.
 15345 | Lair:1   | Noticed richr's ghost (journeyman HaHu)
 15345 | Lair:1   | Noticed Iwowyal's ghost (journeyman DDFi)
 15809 | Lair:1   | Killed Iwowyal's ghost
 15809 | Lair:1   | Killed richr's ghost
 15925 | Lair:2   | Reached skill level 15 in Shields
 16340 | Lair:2   | Received a gift from Trog
 16341 | Lair:2   | Found a hole to the Spider Nest.
 16973 | Lair:3   | Received a gift from Trog
 17743 | Lair:4   | Reached skill level 10 in Armour
 17813 | Lair:4   | Found a staircase to the Shoals.
 19422 | Lair:5   | Received a gift from Trog
 19717 | Lair:6   | Entered Level 6 of the Lair of Beasts
 19755 | Lair:6   | Found a staircase to the Slime Pits.
 19780 | Lair:6   | Found a viscous altar of Jiyva.
 19901 | Lair:6   | Reached XP level 15. HP: 138/138 MP: 14/14
 20015 | Lair:6   | Found a runed door.
 20022 | Lair:6   | Noticed WaifuGate's ghost (journeyman CeAM)
 20040 | Lair:6   | Killed WaifuGate's ghost
 20576 | Lair:6   | Received a gift from Trog
 21000 | Lair:6   | Reached skill level 16 in Shields
 21153 | Lair:6   | Received a gift from Trog
 21248 | Lair:6   | Found a burning altar of Makhleb.
 21504 | Lair:6   | Found a gateway to Hell.
 22136 | Orc:1    | Entered Level 1 of the Orcish Mines
 22136 | Orc:1    | Found an iron altar of Okawaru.
 22191 | Orc:1    | Found Rewemoown's General Store.
 22213 | Orc:1    | Bought a scroll of blinking for 97 gold pieces
 22610 | Orc:2    | Entered Level 2 of the Orcish Mines
 22614 | Orc:2    | Received a gift from Trog
 22661 | Orc:2    | Noticed an orc warlord
 22669 | Orc:2    | Killed an orc warlord
 22678 | Orc:2    | Received a gift from Trog
 22733 | Orc:2    | Found a staircase to the Elven Halls.
 22815 | Orc:2    | Found Zeufuj's Armour Boutique.
 22984 | Orc:2    | Reached skill level 10 in Dodging
 23002 | Orc:2    | Found Oquan's Magic Scroll Boutique.
 23004 | Orc:2    | Found Kymu's Antique Armour Shoppe.
 23026 | Orc:2    | Found Eriujor's General Store.
 23034 | Orc:2    | Bought a scroll of identify for 28 gold pieces
 23034 | Orc:2    | Bought a scroll of remove curse for 42 gold pieces
 23059 | Orc:2    | Bought the +2 ratskin cloak {+Rats rPois rN+ Str-1 Int-1 Dex+1} for 722 gold pieces
 23059 | Orc:2    | Found the +2 ratskin cloak {+Rats rPois rN+ Str-1 Int-1 Dex+1}
 23059 | Orc:2    | Bought a smelly plate armour for 728 gold pieces
 23070 | Orc:2    | Identified the +8 plate armour of Evolution {rPois Str+3 Dex+2} (You bought it in a shop on level 2 of the Orcish Mines)
 23087 | Orc:2    | Bought a scroll of identify for 32 gold pieces
 23087 | Orc:2    | Bought a scroll of identify for 32 gold pieces
 23087 | Orc:2    | Bought a scroll of enchant weapon for 120 gold pieces
 23087 | Orc:2    | Bought a scroll of identify for 32 gold pieces
 23464 | Spider:1 | Entered Level 1 of the Spider Nest
 23952 | Spider:1 | Killed a ghost moth
 24043 | Spider:1 | Received a gift from Trog
 24138 | Spider:1 | Reached skill level 15 in Fighting
 24208 | Spider:1 | Reached skill level 15 in Axes
 24224 | Spider:1 | Received a gift from Trog
 24224 | Spider:1 | Reached XP level 16. HP: 98/149 MP: 15/15
 25605 | Spider:2 | Received a gift from Trog
 25646 | Spider:2 | Received a gift from Trog
 25669 | Spider:2 | Noticed Arachne
 25691 | Spider:2 | Killed Arachne
 26208 | Spider:2 | Upgraded the game from 0.22.0-38-g04b72b8 to 0.22.0-40-g68aacdc
 26859 | Spider:3 | Reached skill level 17 in Shields
 27265 | Spider:3 | Received a gift from Trog
 27462 | Spider:4 | Entered Level 4 of the Spider Nest
 28022 | Spider:4 | Found a runed door.
 28027 | Spider:4 | Noticed Morgon's ghost (adept TrAM)
 28042 | Spider:4 | Killed Morgon's ghost
 28201 | Spider:4 | Received a gift from Trog
 28350 | Spider:4 | Received a gift from Trog
 28364 | Spider:4 | Reached XP level 17. HP: 96/158 MP: 4/16
 28442 | Spider:4 | Received a gift from Trog
 28501 | Spider:4 | Got a gossamer rune of Zot
 28798 | Shoals:1 | Entered Level 1 of the Shoals
 28864 | Shoals:1 | Found Hulokiyl's Jewellery Emporium.
 28891 | Shoals:1 | Bought a +4 ring of protection for 504 gold pieces
 29541 | Shoals:1 | Found Qinun's Antique Weapon Emporium.
 30076 | Shoals:2 | Noticed a kraken
 30174 | Shoals:2 | Received a gift from Trog
 30789 | Shoals:3 | Noticed a kraken
 30810 | Shoals:3 | Killed a kraken
 30942 | Shoals:3 | Got a blackened chain mail
 30943 | Shoals:3 | Identified the +2 chain mail of the Ecumenical Temple {-Tele rPois Dex+8 Stlth+} (You found it on level 3 of the Shoals)
 31011 | Shoals:3 | Received a gift from Trog
 31088 | Shoals:3 | Reached skill level 18 in Shields
 31937 | Shoals:4 | Entered Level 4 of the Shoals
 32017 | Shoals:4 | Got a dazzling battleaxe
 32018 | Shoals:4 | Identified the cursed +3 battleaxe of Gehenna {antimagic, -Tele rN+ Int+7 SInv} (You found it on level 4 of the Shoals)
 32094 | Shoals:4 | Found Xaqiud's Jewellery Emporium.
 32096 | Shoals:4 | Got a blackened large shield
 32107 | Shoals:4 | Identified the -5 large shield of Lethargy {MR+} (You found it on level 4 of the Shoals)
 32121 | Shoals:4 | Bought the ring "Itugoost" {rPois Slay+3} for 712 gold pieces
 32193 | Shoals:4 | Got a barnacled rune of Zot
 32935 | Shoals:4 | Received a gift from Trog
 32946 | Shoals:4 | Reached XP level 18. HP: 169/169 MP: 17/17
 34115 | Vaults:1 | Entered Level 1 of the Vaults
 34183 | Vaults:1 | Paralysed by a great orb of eyes for 3 turns
 34191 | Vaults:1 | Paralysed by a great orb of eyes for 7 turns
 34663 | Vaults:1 | Found a roughly hewn altar of Beogh.
 34665 | Vaults:1 | Received a gift from Trog
 34679 | Vaults:1 | Received a gift from Trog
 35393 | Vaults:1 | Found Alostiso's Antique Armour Shop.
 35403 | Vaults:1 | Bought a pair of runed gloves for 202 gold pieces
 35780 | Vaults:1 | Found Wentush's Food Emporium.
 36127 | Vaults:1 | Noticed Nikola
 36143 | Vaults:1 | Killed Nikola
 36429 | Vaults:2 | Received a gift from Trog
 36478 | Vaults:2 | Found Luroaryn's Distillery.
 36504 | Vaults:2 | Bought a potion of heal wounds for 75 gold pieces
 36504 | Vaults:2 | Bought 2 potions of might for 120 gold pieces
 36532 | Vaults:2 | Reached skill level 15 in Throwing
 36532 | Vaults:2 | Reached skill level 19 in Shields
 36624 | Vaults:2 | Found a staircase to the Crypt.
 36679 | Vaults:2 | Received a gift from Trog
 36841 | Vaults:2 | Reached XP level 19. HP: 158/179 MP: 18/18
 37316 | Vaults:2 | Cast into level 2 of the Abyss (a wizard)
 37448 | Abyss:2  | Received a gift from Trog
 37646 | Abyss:2  | Paralysed by accursed screaming for 1 turns
 37804 | Vaults:2 | Escaped the Abyss
 38272 | Vaults:2 | Received a gift from Trog
 38841 | Vaults:3 | Received a gift from Trog
 38896 | Vaults:3 | Found a portal to a secret trove of treasure.
 39116 | Vaults:3 | Received a gift from Trog
 39172 | Vaults:3 | Paralysed by a great orb of eyes for 3 turns
 39209 | Vaults:3 | Found a ruined gateway.
 39439 | Vaults:3 | Identified a scroll of acquirement
 39442 | Vaults:3 | Got an ancient lead ring
 39444 | Vaults:3 | Identified the ring "Ziguar" {Fire Str+5} (You acquired it on level 3 of the Vaults)
 39652 | Vaults:3 | Got a twisted chain mail
 39663 | Vaults:3 | Identified the +3 chain mail "Xoivu" {rF+} (You found it on level 3 of the Vaults)
 39833 | Vaults:4 | Received a gift from Trog
 39924 | Vaults:4 | Paralysed by a great orb of eyes for 4 turns
 39957 | Vaults:4 | Received a gift from Trog
 39969 | Vaults:4 | Noticed Mara
 39979 | Vaults:4 | Noticed shmeve's illusion
 40016 | Vaults:4 | Killed Mara
 40016 | Vaults:4 | Reached skill level 20 in Shields
 40016 | Vaults:4 | Reached XP level 20. HP: 123/189 MP: 19/19
 40024 | Vaults:4 | Received a gift from Trog
 40025 | Vaults:4 | Found the +8 mithril axe "Arga" {speed, MR+}
 40135 | Vaults:4 | Got a twitching granite ring
 40290 | Vaults:4 | Identified the ring of Wisdom {rElec rF+} (You found it on level 4 of the Vaults)
 40687 | Vaults:4 | Found a runed gate.
 40689 | Vaults:4 | Found a runed gate.
 40689 | Vaults:4 | Found a runed gate.
 40690 | Vaults:4 | Noticed Ifoumn's ghost (adept DrAE)
 40691 | Vaults:4 | Found a roughly hewn altar of Beogh.
 40727 | Vaults:4 | Killed Ifoumn's ghost
 40754 | Vaults:4 | Received a gift from Trog
 40772 | Vaults:4 | Got a scorched cloak
 40778 | Vaults:4 | Got a faintly humming chain mail
 40791 | Vaults:4 | Identified the +0 cloak of Plog {rElec} (You found it on level 4 of the Vaults)
 40812 | Vaults:4 | Identified the +10 chain mail of Ane Dous {+Inv} (You took it off an orc warlord on level 4 of the Vaults)
 40840 | Vaults:4 | Got a smoking plate armour
 40869 | Vaults:4 | Identified the cursed +1 plate armour of the Bulwark {rPois} (You took it off an orc warrior on level 4 of the Vaults)
 40986 | Vaults:4 | Found Mylewow's Antique Weapon Emporium.
 41169 | Vaults:4 | Cast into level 3 of the Abyss (a deep elf sorcerer)
 41191 | Vaults:4 | Escaped the Abyss
 41259 | Vaults:4 | Received a gift from Trog
 41414 | Vaults:5 | Entered Level 5 of the Vaults
 41424 | Vaults:5 | Noticed a golden dragon
 41450 | Vaults:5 | Killed a golden dragon
 41461 | Vaults:5 | Received a gift from Trog
 41531 | Vaults:5 | Reached XP level 21. HP: 168/200 MP: 20/20
 41900 | Vaults:5 | Got a fine ruby amulet
 41931 | Vaults:5 | Got a crude steel amulet
 41994 | Vaults:5 | Received a gift from Trog
 42124 | Vaults:5 | Got a silver rune of Zot
 42139 | Vaults:5 | Identified the amulet of the Queen {RegenMP +Inv rPois MP-9 Str-3} (You took it off a deep elf high priest on level 5 of the Vaults)
 42141 | Vaults:5 | Identified the amulet "Goereic" {Gourm +Inv rPois rF+ Str-4} (You took it off a tengu reaver on level 5 of the Vaults)
 42175 | Vaults:5 | Reached skill level 21 in Shields
 42311 | Vaults:5 | Identified the Compendium of Ashen Unholy Rites
 42331 | Vaults:5 | Noticed Jory
 42369 | Vaults:5 | Received a gift from Trog
 42393 | Vaults:5 | Killed Jory
 42740 | Vaults:5 | Got a scorched cloak
 42751 | Vaults:5 | Identified the +1 cloak of Asmanaim {rElec Str+3 Int-2} (You found it on level 5 of the Vaults)
 42780 | Vaults:5 | Reached skill level 15 in Armour
 42795 | Vaults:5 | Received a gift from Trog
 43225 | Vaults:5 | Paralysed by a sphinx for 5 turns
 43232 | Vaults:5 | Received a gift from Trog
 43554 | Vaults:5 | Noticed an ancient lich
 43569 | Vaults:5 | Killed an ancient lich
 44317 | Depths:1 | Entered Level 1 of the Depths
 44320 | Depths:1 | Found a gateway to a ziggurat.
 44332 | Depths:1 | Paralysed by a floating eye for 2 turns
 44339 | Depths:1 | Found a one-way gate to the infinite horrors of the Abyss.
 44373 | Depths:1 | Reached XP level 22. HP: 199/211 MP: 21/21
 44390 | Depths:1 | Received a gift from Trog
 44517 | Depths:1 | Noticed a caustic shrike
 44536 | Depths:1 | Killed a caustic shrike
 44536 | Depths:1 | Received a gift from Trog
 44590 | Depths:1 | Identified the Handbook of Feathers and Changing
 44713 | Depths:1 | Paralysed by a great orb of eyes for 4 turns
 44784 | Depths:1 | Paralysed by a floating eye for 2 turns
 45488 | Depths:2 | Found the +10 morningstar "Eos" {elec, Halo rElec}
 45489 | Depths:2 | Received a gift from Trog
 45498 | Depths:2 | Got a transparent hand axe {god gift}
 45521 | Depths:2 | Identified the +1 hand axe "Tedaell" {freeze, Dex+2} (Trog gifted it to you on level 2 of the Depths)
 46170 | Depths:3 | Reached skill level 22 in Shields
 46186 | Depths:3 | Received a gift from Trog
 46209 | Depths:3 | Found Cegrub's Jewellery Shoppe.
 46497 | Depths:3 | Found Sekhlaptixo's Antique Armour Shop.
 46498 | Depths:3 | Found Bylier's Food Shoppe.
 46602 | Depths:3 | Found a one-way gate leading to the halls of Pandemonium.
 46605 | Depths:3 | Paralysed by a vampire knight for 6 turns
 46641 | Depths:3 | Paralysed by a vampire knight for 2 turns
 47038 | Depths:3 | Noticed a golden dragon
 47041 | Depths:3 | Killed a golden dragon
 47076 | Depths:3 | Noticed a juggernaut
 47088 | Depths:3 | Killed a juggernaut
 47088 | Depths:3 | Reached XP level 23. HP: 220/220 MP: 22/22
 47497 | Depths:3 | Received a gift from Trog
 47876 | Depths:4 | Received a gift from Trog
 48337 | Depths:4 | Identified Fiadidghekh's Reference Book on Necromancy and Aid
 48633 | Depths:4 | Noticed a juggernaut
 48644 | Depths:4 | Killed a juggernaut
 48741 | Depths:5 | Entered Level 5 of the Depths
 48775 | Depths:5 | Reached skill level 15 in Dodging
 48835 | Depths:5 | Gained mutation: Your body sometimes deteriorates upon taking damage. [a neqoxec]
 48839 | Depths:5 | Gained mutation: Your natural rate of healing is unusually fast. [a neqoxec]
 48978 | Depths:5 | Received a gift from Trog
 49304 | Depths:5 | Found a runed door.
 49320 | Depths:5 | Found a runed door.
 49321 | Depths:5 | Found a runed door.
 49382 | Depths:5 | Found a runed door.
 49397 | Depths:5 | Found a runed door.
 49500 | Depths:5 | Found a gate to the Realm of Zot.
 49520 | Zot:1    | Entered Level 1 of the Realm of Zot
 49552 | Zot:1    | Reached XP level 24. HP: 174/231 MP: 22/22
 49732 | Zot:1    | Reached skill level 23 in Shields
 50263 | Zot:1    | Received a gift from Trog
 50969 | Zot:2    | Received a gift from Trog
 51371 | Zot:2    | Got a shimmering ring mail
 51382 | Zot:2    | Identified the +9 ring mail of Relativism {rF+ MR++ MP+9 Int-5} (You found it on level 2 of the Realm of Zot)
 51476 | Zot:2    | Cast into level 4 of the Abyss (the power of Zot)
 51497 | Zot:2    | Escaped the Abyss
 51520 | Zot:2    | Noticed an orb of fire
 51531 | Zot:2    | Killed an orb of fire
 52234 | Zot:3    | Received a gift from Trog
 52331 | Zot:3    | Reached XP level 25. HP: 196/240 MP: 22/22
 52427 | Zot:3    | Found a runed door.
 52456 | Zot:3    | Noticed Xal Gage's ghost (veteran CeHu)
 52558 | Zot:3    | Killed Xal Gage's ghost
 52577 | Zot:3    | Got a wavering ivory ring
 52579 | Zot:3    | Identified the ring "Erghekow" {Wiz rN++ Str-3 Stlth+} (You found it on level 3 of the Realm of Zot)
 53268 | Zot:4    | HP: 6/237 [shadow dragon/bolt of negative energy (18)]
 53271 | Zot:4    | Killed from afar by a shadow dragon

Skill      XL: |  1  2  3  4  5  6  7  8  9 10 11 12 13 14 15 16 17 18 19 20 21 22 23 24 |
---------------+-------------------------------------------------------------------------+-----
Fighting       | 4 5 6 7 9 10 11 12 14 15 16 17 18 19 20 21 22 | 22.9
Throwing       | 1 2 3 5 6 8 9 10 11 12 13 14 15 16 17 18 19 | 19.7
Axes           | 4 5 6 7 9 10 11 12 13 15 16 17 18 19 20 21 22 | 22.9
Armour         | 3 4 5 6 7 8 9 10 11 12 13 14 15 16 17 | 17.2
Dodging        | 3 4 5 6 7 8 9 10 11 12 13 14 15 | 15.9
Shields        | 6 10 12 13 14 15 16 17 18 19 20 21 22 23 | 23.8

Action                   |  1- 3 |  4- 6 |  7- 9 | 10-12 | 13-15 | 16-18 | 19-21 | 22-24 | 25-27 || total
-------------------------+-------+-------+-------+-------+-------+-------+-------+-------+-------++-------
Melee: Hand axe          |    77 |    95 |   329 |       |       |       |  1134 |  1301 |   128 ||  3064
       Headbutt          |     7 |    28 |    92 |   125 |   252 |   287 |   536 |   590 |    38 ||  1955
       War axe           |       |       |    88 |   323 |   283 |       |       |       |       ||   694
       Broad axe         |       |       |       |   204 |   766 |  1055 |   194 |       |       ||  2219
Throw: Tomahawk          |       |     6 |     3 |    33 |       |     8 |       |       |       ||    50
       Throwing net      |       |       |       |     2 |       |       |       |       |       ||     2
       Javelin           |       |       |       |       |    75 |   107 |    74 |   166 |    13 ||   435
Invok: Berserk           |     1 |     2 |     4 |    14 |    16 |     9 |     6 |    10 |     2 ||    64
       Trog's Hand       |       |     1 |       |     2 |    11 |     6 |     7 |     2 |     1 ||    30
       Brothers in Arms  |       |       |       |       |       |       |     1 |       |       ||     1
Evoke: Wand              |       |       |       |       |       |       |       |     1 |     1 ||     2
  Use: Scroll            |     4 |       |     6 |       |    13 |    22 |    17 |     7 |     1 ||    70
       Potion            |       |       |     2 |       |     1 |     6 |     5 |       |     1 ||    15
 Stab: Sleeping          |     1 |       |       |       |       |       |       |       |       ||     1
       Distracted        |       |       |       |     1 |       |       |     3 |     1 |       ||     5
       Confused          |       |       |       |     3 |       |       |       |       |     1 ||     4
  Eat: Chunk             |     2 |     7 |    17 |    23 |    50 |    29 |    27 |    27 |     2 ||   184
       Ration            |       |       |       |     2 |     3 |     7 |     3 |     3 |     1 ||    19
Armor: Animal skin       |    24 |     8 |       |       |       |       |       |       |       ||    32
       Chain mail        |       |    48 |   210 |    27 |       |       |       |       |       ||   285
       Scale mail        |       |       |       |    85 |       |       |       |       |       ||    85
       Plate armour      |       |       |       |    96 |   408 |   605 |   347 |   437 |    40 ||  1933
Dodge: Dodged            |    62 |    59 |   164 |   177 |   332 |   513 |   277 |   427 |    39 ||  2050
Block: Buckler           |       |       |    94 |       |       |       |       |       |       ||    94
       Shield            |       |       |     2 |   455 |   921 |  1139 |       |       |       ||  2517
       Large shield      |       |       |       |       |       |    63 |  1573 |  1836 |    92 ||  3564
